 Dungeon Crawl Stone Soup version 0.22-a0-460-g49b1da7 (webtiles) character file.

4 Kryn the Grave Robber (level 1, 0/13 HPs)
             Began as a Vampire Necromancer on June 9, 2018.
             Slain by a goblin
             ... wielding a +0 dagger
              (4 damage)
             ... on level 1 of the Dungeon.
             The game lasted 00:13:49 (519 turns).

Kryn the Grave Robber (Vampire Necromancer)          Turns: 519, Time: 00:13:49

Health: 0/13       AC:  3    Str:  7    XL:     1   Next: 50%
Magic:  3/3        EV: 12    Int: 17    God:
Gold:   20         SH:  0    Dex: 14    Spells: 3/4 levels left

rFire    . . .     SeeInvis +   (no weapon)
rCold    . . .     Gourm    .   (no shield)
rNeg     . . .     Faith    .   a - +0 robe
rPois    .         Spirit   .   (no helmet)
rElec    .         Reflect  .   (no cloak)
rCorr    +         Harm     .   m - +0 pair of gloves
MR       .....                  (no boots)
Stlth    ++........             (no amulet)
HPRegen  0.24/turn              b - ring of resist corrosion
MPRegen  0.08/turn              (no ring)

@: regenerating quickly
A: fangs 3, see invisible, unbreathing
a: no special abilities


You were on level 1 of the Dungeon.
You were full.

You visited 1 branch of the dungeon, and saw 1 of its levels.

You collected 20 gold pieces.

Inventory:

Hand Weapons
 g - a +0 hunting sling
Missiles
 j - 10 arrows (quivered)
Armour
 a - a +0 robe (worn)
 e - a +0 pair of gloves
 m - a +0 pair of gloves (worn)
Jewellery
 b - a ring of resist corrosion (left hand)
Scrolls
 c - a scroll of amnesia {unknown}
 h - a scroll of identify {unknown}
 i - a scroll of magic mapping {unknown}
Potions
 k - 2 potions of lignification {unknown}
 l - a potion of agility {unknown}
Comestibles
 f - 2 rations


   Skills:
 + Level 2.2 Dodging
 + Level 3.0 Stealth
 + Level 2.0 Spellcasting
 + Level 4.6 Necromancy


You had 3 spell levels left.
You knew the following spells:

 Your Spells              Type           Power        Failure   Level  Hunger
a - Pain                  Necr           ###.         3%          1    #......

Your spell library contained the following spells:

 Spells                   Type           Power        Failure   Level  Hunger
 Animate Dead             Necr           N/A          28%         4    #####..
 Animate Skeleton         Necr           N/A          3%          1    #......
 Vampiric Draining        Necr           ###.......   9%          3    ###....
 Regeneration             Chrm/Necr      #.........   22%         3    ###....


Dungeon Overview and Level Annotations

Branches:
Dungeon (1/15)

Altars:


Innate Abilities, Weirdness & Mutations

Your natural rate of healing is unusually fast.
You have razor-sharp teeth.
You have supernaturally acute eyesight. (SInv)
You can survive without breathing.


Message History

You hit the goblin but do no damage. The goblin hits you with a dagger.
You closely miss the goblin. The goblin misses you.
You hit the goblin but do no damage. You bite the goblin.
The goblin is severely wounded.
The goblin hits you with a dagger.
You closely miss the goblin.
The goblin is severely wounded.
The goblin hits you with a dagger.
* * * LOW HITPOINT WARNING * * *
Yummy - fresh blood!
The goblin hits you but does no damage.
You hit the goblin but do no damage.
The goblin is severely wounded.
The goblin barely misses you.
You closely miss the goblin.
The goblin is severely wounded.
The goblin closely misses you.
You barely miss the goblin.
The goblin is severely wounded.
The goblin hits you with a dagger.
You die...

.#.# .. #.##. .#.# ##
..).# .#####.##. .#.#
#####...#.............
.#.#
......>#....###.#....
.#.# #
...........###.##...
##.# #.#.... .........
#... ....#
#.....####...
#g.####............
#.@#...............
#..........#####.##
##.#.#...........#
.....#..##.#######
###.#.#..#...#
#............
#.#.......#.##
..........#.#
#.#.#....##.#


You could see a goblin.

Vanquished Creatures
  A hobgoblin (D:1)
  A kobold (D:1)
  A frilled lizard (D:1)
  A rat (D:1)
4 creatures vanquished.

Notes
Turn   | Place    | Note
-------+----------+-------------------------------------------
     0 | D:1      | Kryn the Vampire Necromancer began the quest for the Orb.
     0 | D:1      | Reached XP level 1. HP: 13/13 MP: 3/3
   519 | D:1      | Slain by a goblin

Vault maps used:
D:1:      matt_arrival_spirals

Action                   || total
-------------------------++-------
Melee: Unarmed           ||    20
       Hunting sling     ||    15
       Bite              ||     6
  Use: Potion            ||     4
Armor: Robe              ||     5
Dodge: Dodged            ||    26

Table legend:
 A = Spawn XP
 B = Non-spawn XP
 C = Spawn XP percentage of total XP
 D = Spawn monster count
 E = Non-spawn monster count
 F = Spawn count percentage of total count
 G = Total turns spent on level
                    A         B        C        D         E        F      G
               +---------+---------+-------+---------+---------+-------+---------
         Total |       0 |       6 |   0.0 |       0 |       4 |   0.0 |   519
               +---------+---------+-------+---------+---------+-------+---------
           D:1 |       0 |       6 |   0.0 |       0 |       4 |   0.0 |   519
               +---------+---------+-------+---------+---------+-------+---------
